 Dungeon Crawl Stone Soup version 0.31-a0-702-gf82c85558f (webtiles) character file.

Game seed: 11636374598591463631

2800 qw the Skirmisher (level 9, -2/57 HPs)
             Began as a Gargoyle Hunter on Sept 8, 2023.
             Was a Believer of Okawaru.
             Killed by divine providence
             ... invoked by an orc priest
              (14 damage)
             ... on level 7 of the Dungeon.
             The game lasted 00:02:08 (5322 turns).

qw the Skirmisher (Gargoyle Hunter)                 Turns: 5322, Time: 00:02:09

Health: -2/57      AC: 18    Str: 21      XL:     9   Next: 71%
Magic:  11/12      EV: 16    Int:  8      God:    Okawaru [**....]
Gold:   537        SH:  0    Dex: 20 (21) Spells: 8/8 levels left

rFire   . . .        e - +0 shortbow (heavy)
rCold   . . .        (shield currently unavailable)
rNeg    + . .        a - +3 ring mail
rPois   inf          j - +1 helmet
rElec   +            (no cloak)
rCorr   .            (no gloves)
SInv    .            (no boots)
Will    +....        c - amulet of regeneration
Stlth   +++          h - ring of willpower
HPRegen 1.09/turn    d - +6 ring of strength
MPRegen 0.13/turn

%: no passive effects
@: about to teleport, heroic, mesmerised
A: sickness immunity, AC +6, negative energy resistance 1, electricity
resistance, torment resistance 1, petrification resistance, claws 1, agile 1,
deterioration 1, wild magic 1
a: Renounce Religion, Heroism


You were on level 7 of the Dungeon.
You worshipped Okawaru.
Okawaru was pleased with you.
You visited 2 branches of the dungeon, and saw 8 of its levels.
You also visited: Ossuary.

You collected 537 gold pieces.


Innate Abilities, Weirdness & Mutations

You are immune to sickness and miasma.
Your stone body is resilient. (AC +6)
You are immune to poison.
You resist negative energy. (rN+)
You are resistant to electric shocks. (rElec)
You are resistant to unholy torment.
You are immune to petrification.
You have sharp fingernails.
You are agile. (Dex +4, Str/Int -1)
Your body sometimes deteriorates upon taking damage.
Your spells are a little harder to cast, but a little more powerful.


   Skills:
 - Level 7.0(12.0) Fighting
 + Level 10.9(15.9) Ranged Weapons
 - Level 2.1(7.1) Armour
 - Level 3.0(8.0) Dodging
 - Level 1.1(6.1) Stealth
 - Level 4.0 Invocations


You had 8 spell levels left.
You didn't know any spells.
Your spell library was empty.

Inventory:

Hand Weapons
 e - a +0 heavy shortbow (weapon)
Armour
 a - a +3 ring mail (worn)
 j - a +1 helmet (worn)
Jewellery
 c - an amulet of regeneration (around neck)
 d - a +6 ring of strength (right claw)
 f - a ring of ice
 h - a ring of willpower (left claw)
Scrolls
 l - a scroll of teleportation
 m - a scroll of identify
 r - a scroll of enchant armour {unknown}
Potions
 b - a potion of haste
 g - a potion of ambrosia {unknown}
 i - a potion of heal wounds {unknown}
 k - a potion of attraction {unknown}
 n - 2 potions of cancellation {unknown}
 o - a potion of might {unknown}
 p - a potion of invisibility {unknown}
 q - a potion of resistance {unknown}
 s - 2 potions of enlightenment {unknown}
 t - a potion of curing {unknown}

Dungeon Overview and Level Annotations

Branches:
Dungeon (7/15)             Temple (1/1) D:4         Ossuary (visited)

Altars:
Ashenzari
Cheibriados
Fedhas
Gozag
Hepliaklqana
Makhleb
Nemelex Xobeh
Okawaru
Qazlal
Ru
Sif Muna
Trog
Vehumet
Wu Jian
Yredelemnul
Zin
The Shining One

Shops:
D:4 :

Annotations:
D:4 3 runed translucent doors, qw's ghost, amateur GrHu
D:5 2 runed translucent doors
D:7 Maggie


Message History

You hear an angry hiss.
5316 ||| INVOKING Heroism.
You gain the combat prowess of a mighty hero.
You shoot an arrow. The arrow barely misses Maggie.
Maggie hits you with a +2 war axe of flaming.
Your body deteriorates!
You feel clumsy. Maggie burns you. Maggie closely misses you.
You shoot an arrow. The arrow hits Maggie!
Maggie is moderately wounded.
Maggie casts a spell.
Maggie attempts to bespell you! You resist with almost no effort.
You shoot an arrow. The arrow barely misses Maggie.
The jackal barks!
You hear a shout!
An orc priest comes into view.
It is wielding a +0 short sword and wearing a +1 leather armour of fire resistance.
Maggie hits you with a +2 war axe of flaming!
Maggie burns you.
A steam dragon comes into view.
Enter note:
Enter note:
Enter note:
Enter note:
5320 ||| READING 2 scrolls of teleportation.
As you read the scroll of teleportation, it crumbles to dust.
You feel strangely unstable.
Maggie hits you with a +2 war axe of flaming.
Maggie burns you.
You shoot an arrow. The arrow hits Maggie.
Maggie is moderately wounded.
The steam dragon bites you.
The steam dragon claws you but does no damage.
Maggie mumbles some strange words.
Maggie attempts to bespell you!
You are mesmerised by Maggie!
You shoot an arrow. The arrow closely misses Maggie.
The steam dragon barely misses you. The steam dragon completely misses you.
Maggie misses you.
The orc priest invokes the aid of Beogh against you.
Beogh smites you!
You die...

## .. #.
################ #.
#..............#
#.###..............#
#h@@#..##......##..#
#.#.Do.###....###..#
#. ###...###..###...#
#..........######....#
.. ..........# #.....#
.# ...........#
#....## ...
..........######...#
......
.........###..###..#
......
........###....###.#


You could see Maggie (mesmerising), a steam dragon, an orc priest and a jackal.

Vanquished Creatures
  A steam dragon (D:7)
  2 black bears
  3 ice beasts
  2 ogres (D:5)
  A phantom (D:4)
  2 bullfrogs
  3 gnoll sergeants (D:7)
  7 scorpions
  A wight (D:7)
  9 killer bees
  A howler monkey (D:7)
  6 hounds
  A jelly (D:7)
  A sleepcap (D:7)
  A gnoll bouda (D:7)
  2 iguanas
  An orc wizard (D:7)
  8 mummies (Ossuary)
  16 gnolls
  4 adders
  A shadow imp (D:7)
  5 ufetubi
  A worm (D:2)
  A dart slug (D:1)
  4 orcs
  3 bats
  4 endoplasms
  3 giant cockroaches
  5 goblins
  7 hobgoblins
  4 jackals
  11 kobolds
  2 quokkas
  11 ball pythons
  3 frilled lizards
  2 gnoll zombies (Ossuary)
  2 hobgoblin zombies (Ossuary)
  A kobold zombie (Ossuary)
  3 orc zombies (Ossuary)
  5 rats
150 creatures vanquished.

Vanquished Creatures (others)
  A gnoll (D:7)
1 creature vanquished.

Grand Total: 151 creatures vanquished

Notes
Turn   | Place    | Note
-------+----------+-------------------------------------------
     0 | D:1      | qw the Gargoyle Hunter began the quest for the Orb.
     0 | D:1      | Reached XP level 1. HP: 12/12 MP: 1/1
     0 | D:1      | 0 ||| qw: Version: 0.3-a-76-g4403597
     0 | D:1      | 0 ||| qw: Game counter: 1040
     0 | D:1      | 0 ||| qw: Melee chars always use a shield: true
     0 | D:1      | 0 ||| qw: God list: Okawaru
     0 | D:1      | 0 ||| qw: Allow faded altars: false
     0 | D:1      | 0 ||| qw: Do Orc after clearing Dungeon:15 true
     0 | D:1      | 0 ||| qw: Do second Lair branch before Depths: true
     0 | D:1      | 0 ||| qw: Lair rune preference: random
     0 | D:1      | 0 ||| qw: Goals: Normal
     0 | D:1      | 0 ||| PLANNING D:1-11
   204 | D:1      | Reached XP level 2. HP: 17/17 MP: 2/2
   715 | D:1      | 715 ||| UPGRADING to ring of willpower.
   716 | D:1      | 716 ||| READING scroll labelled TOINYPR REOKH.
   717 | D:1      | 717 ||| READING scroll labelled RULAFA GEX HEC.
   718 | D:1      | 718 ||| READING scroll labelled EMIUN GISTOE.
   719 | D:1      | 719 ||| READING scroll labelled CUUSE ZAOLUMN.
   720 | D:1      | 720 ||| DRINKING 2 orange potions.
   720 | D:1      | Gained mutation: You occasionally lose the ability to read
                  | scrolls when taking damage. [potion of mutation]
   720 | D:1      | Gained mutation: You are partially covered in iridescent
                  | scales. (AC +2) [potion of mutation]
   721 | D:1      | 721 ||| DRINKING potion of mutation.
   721 | D:1      | Lost mutation: You are partially covered in iridescent
                  | scales. (AC +2) [potion of mutation]
   721 | D:1      | Lost mutation: You occasionally lose the ability to read
                  | scrolls when taking damage. [potion of mutation]
   721 | D:1      | Gained mutation: Your spells are a little harder to cast,
                  | but a little more powerful. [potion of mutation]
   721 | D:1      | Gained mutation: Your body sometimes deteriorates upon
                  | taking damage. [potion of mutation]
   721 | D:1      | Gained mutation: You are agile. (Dex +4, Str/Int -1)
                  | [potion of mutation]
   721 | D:1      | Gained mutation: You have sharp fingernails. [potion of
                  | mutation]
   722 | D:1      | 722 ||| DROPPING scroll of butterflies.
   789 | D:2      | Reached XP level 3. HP: 21/21 MP: 3/3
   802 | D:2      | Reached skill level 5 in Ranged Weapons
   982 | D:2      | Reached skill level 3 in Fighting
  1019 | D:2      | Reached XP level 4. HP: 26/28 MP: 4/4
  1460 | D:2      | 1460 ||| UPGRADING to +3 ring mail.
  1470 | D:2      | 1470 ||| DROPPING +0 leather armour.
  1471 | D:2      | 1471 ||| UPGRADING to amulet of the acrobat.
  1476 | D:2      | 1476 ||| UPGRADING to +6 ring of strength.
  1477 | D:2      | 1477 ||| READING scroll labelled QICLICARUL.
  1478 | D:2      | 1478 ||| READING scroll labelled XYWKAE TUIRUOGOI.
  1479 | D:2      | 1479 ||| READING scroll labelled WAGEQI BEJEAZ.
  1671 | D:3      | Reached skill level 1 in Armour
  1684 | D:3      | Found a faded altar of an unknown god.
  1979 | D:3      | 1979 ||| READING scroll labelled LEOLATZ YMUMON.
  1982 | D:3      | 1982 ||| READING scroll labelled HIPROE DOLI.
  1983 | D:3      | 1983 ||| DRINKING 2 viscous golden potions.
  1984 | D:3      | 1984 ||| DROPPING potion of degeneration.
  2003 | D:4      | Noticed a black bear
  2004 | D:4      | 2004 ||| PLANNING OSSUARY
  2006 | D:4      | 2006 ||| STAIRDANCE
  2009 | D:3      | Killed a black bear
  2010 | D:3      | Reached skill level 6 in Ranged Weapons
  2010 | D:3      | Reached XP level 5. HP: 25/32 MP: 5/5
  2135 | D:4      | Found a staircase to the Ecumenical Temple.
  2203 | D:4      | Found a sand-covered staircase.
  2204 | D:4      | 2204 ||| UPGRADING to amulet of regeneration.
  2214 | D:4      | 2214 ||| DROPPING amulet of the acrobat.
  2220 | Ossuary  | Entered an ossuary
  2266 | Ossuary  | Reached XP level 6. HP: 38/38 MP: 6/6
  2412 | Ossuary  | 2412 ||| READING scroll labelled IPUDUZXAPH.
  2413 | Ossuary  | 2413 ||| DRINKING 2 cyan potions.
  2414 | Ossuary  | 2414 ||| DRINKING 2 pink potions.
  2415 | Ossuary  | 2415 ||| DRINKING 3 sedimented clear potions.
  2465 | Ossuary  | 2465 ||| DROPPING potion of brilliance.
  2466 | Ossuary  | 2466 ||| DROPPING 2 potions of lignification.
  2492 | D:4      | 2492 ||| PLANNING TEMPLE
  2518 | Temple   | Entered the Ecumenical Temple
  2519 | Temple   | 2519 ||| PLANNING OKAWARU WORSHIP
  2531 | Temple   | Became a worshipper of Warmaster Okawaru
  2532 | Temple   | 2532 ||| PLANNING D:1-11
  2576 | D:4      | Reached skill level 7 in Ranged Weapons
  2635 | D:4      | Found Kiut's Book Shoppe.
  2677 | D:4      | Reached XP level 7. HP: 34/43 MP: 7/7
  2688 | D:4      | Found a runed translucent gate.
  2688 | D:4      | Found a runed translucent gate.
  2688 | D:4      | Found a runed translucent gate.
  2689 | D:4      | Found an opulent altar of Gozag.
  2692 | D:4      | Noticed qw's ghost (amateur GrHu)
  2865 | D:4      | 2865 ||| UPGRADING to +1 helmet.
  2870 | D:4      | 2870 ||| READING 2 scrolls of identify.
  2870 | D:4      | 2870 ||| IDENTIFYING fizzy inky potion
  2871 | D:4      | 2871 ||| DROPPING potion of berserk rage.
  2897 | D:5      | Entered Level 5 of the Dungeon
  2898 | D:5      | 2898 ||| RETREATING.
  2902 | D:5      | 2902 ||| Stepping ~*~*~tactically~*~*~ (retreating).
  2936 | D:5      | Reached * piety under Okawaru
  2937 | D:5      | Reached skill level 8 in Ranged Weapons
  3012 | D:5      | 3012 ||| INVOKING Heroism.
  3013 | D:5      | 3013 ||| INVOKING Heroism.
  3097 | D:5      | Reached XP level 8. HP: 49/49 MP: 8/8
  3264 | D:5      | Found a large runed translucent door.
  3265 | D:5      | Found a large runed translucent door.
  3336 | D:5      | Reached skill level 1 in Invocations
  3576 | D:5      | Found a broken altar of Ashenzari.
  3576 | D:5      | Found a faded altar of an unknown god.
  3578 | D:5      | Reached skill level 3 in Invocations
  3583 | D:5      | Found a basalt altar of Yredelemnul.
  3585 | D:5      | Found a radiant altar of Vehumet.
  3587 | D:5      | Found a faded altar of an unknown god.
  3740 | D:5      | 3740 ||| READING scroll labelled WACONO IHAXUCW.
  3852 | D:6      | Reached ** piety under Okawaru
  3861 | D:6      | Reached skill level 9 in Ranged Weapons
  3891 | D:6      | Reached skill level 6 in Fighting
  4108 | D:6      | 4108 ||| INVOKING Heroism.
  4112 | D:6      | Reached XP level 9. HP: 55/55 MP: 9/12
  4209 | D:6      | Found an ornate altar of the Wu Jian Council.
  4963 | D:7      | Reached skill level 3 in Dodging
  4978 | D:7      | 4978 ||| INVOKING Heroism.
  4980 | D:7      | 4980 ||| Stepping ~*~*~tactically~*~*~ (outnumbered).
  4996 | D:7      | 4996 ||| Stepping ~*~*~tactically~*~*~ (outnumbered).
  5001 | D:7      | 5001 ||| INVOKING Heroism.
  5003 | D:7      | 5003 ||| Stepping ~*~*~tactically~*~*~ (retreating).
  5004 | D:7      | 5004 ||| Stepping ~*~*~tactically~*~*~ (retreating).
  5005 | D:7      | 5005 ||| Stepping ~*~*~tactically~*~*~ (retreating).
  5008 | D:7      | 5008 ||| Stepping ~*~*~tactically~*~*~ (retreating).
  5009 | D:7      | 5009 ||| Stepping ~*~*~tactically~*~*~ (retreating).
  5010 | D:7      | 5010 ||| Stepping ~*~*~tactically~*~*~ (retreating).
  5013 | D:7      | Reached skill level 10 in Ranged Weapons
  5079 | D:7      | 5079 ||| INVOKING Heroism.
  5224 | D:7      | 5224 ||| INVOKING Heroism.
  5241 | D:7      | 5241 ||| Stepping ~*~*~tactically~*~*~ (retreating).
  5242 | D:7      | 5242 ||| Stepping ~*~*~tactically~*~*~ (retreating).
  5243 | D:7      | 5243 ||| Stepping ~*~*~tactically~*~*~ (retreating).
  5245 | D:7      | 5245 ||| Stepping ~*~*~tactically~*~*~ (retreating).
  5246 | D:7      | 5246 ||| Stepping ~*~*~tactically~*~*~ (retreating).
  5247 | D:7      | 5247 ||| Stepping ~*~*~tactically~*~*~ (retreating).
  5314 | D:7      | Noticed Maggie
  5316 | D:7      | 5316 ||| INVOKING Heroism.
  5319 | D:7      | HP: 14/57 [Maggie/+2 war axe of flaming (3)]
  5320 | D:7      | 5320 ||| READING 2 scrolls of teleportation.
  5322 | D:7      | Killed from afar by an orc priest

Levels and vault maps discovered:
D:1:      giann_horns, layout_basic, serial_forest,
          infiniplex_forest_clump_small, infiniplex_forest_end_1,
          infiniplex_forest_end_1, infiniplex_forest_end_1,
          infiniplex_forest_end_3, infiniplex_forest_lined_corner,
          infiniplex_forest_end_1, infiniplex_forest_straight_4,
          minmay_misc_feat_x, glass_columns_b, dk_noncrumbling_3,
          chequers_serial_rivers_micro_a
D:2:      layout_basic, minmay_between
D:3:      layout_basic, hellmonk_ecumenical_altar_run_dry
D:4:      layout_cave_pools, minmay_temple_entry_junction,
          nicolae_ossuary_entry_plus, ebering_ghost_gozag, serial_shops, shop,
          minmay_misc_feat_ornament
D:5:      layout_loops_ring, chequers_temple_overflow_minitemple,
          jmf_multi_god_temple2, kennysheep_small_spiral
D:6:      layout_basic, pdpol_wu_jian_five_deadly_venoms
D:7:      minmay_evil_eye, layout_cave_pools, serial_gnoll_camp,
          gnoll_camp_mini_doghouse, gnoll_camp_mini_loothouse,
          gnoll_camp_mini_shop, gnoll_camp_mini_basic, gnoll_camp_huts_basic,
          minivault_19, minmay_ruined_shrine, uniq_maggie
Temple:   compressed_dpeg_triangle_lava_temple

Skill      XL: |  1  2  3  4  5  6  7  8  9 |
---------------+----------------------------+-----
Ranged Weapons | 5 6 7 8 9 10 | 10.9
Fighting       | 3 4 5 6 7 |  7.0
Armour         | 1 2 |  2.1
Dodging        | 2 3 |  3.0
Invocations    | 4 |  4.0
Stealth        | |  1.1

Action                     |  1- 3 |  4- 6 |  7- 9 || total
---------------------------+-------+-------+-------++-------
   Fire: Shortbow          |    83 |   131 |   241 ||   455
 Invoke: Heroism           |       |       |     7 ||     7
    Use: Scroll            |     4 |     6 |     3 ||    13
         Potion            |     2 |     4 |       ||     6
 Armour: Leather armour    |    17 |     2 |       ||    19
         Ring mail         |       |    43 |   140 ||   183
  Dodge: Dodged            |    16 |    44 |   131 ||   191

Table legend:
 A = Non-vault XP
 B = Vault XP
 C = Vault XP percentage of total XP
 D = Non-vault monster count
 E = Vault monster count
 F = Vault count percentage of total count
                 A         B        C        D         E       F
            +---------+---------+-------+---------+---------+-------
      Total |    2785 |    1216 |  30.4 |     103 |      48 |  31.8
            +---------+---------+-------+---------+---------+-------
        D:1 |      26 |       0 |   0.0 |      16 |       0 |   0.0
        D:2 |      57 |       9 |  13.6 |      19 |       5 |  20.8
        D:3 |     163 |       0 |   0.0 |      13 |       0 |   0.0
        D:4 |     318 |       0 |   0.0 |      14 |       0 |   0.0
        D:5 |     963 |       0 |   0.0 |      18 |       0 |   0.0
        D:6 |     915 |       0 |   0.0 |      12 |       0 |   0.0
        D:7 |     343 |    1058 |  75.5 |      11 |      27 |  71.1
    Ossuary |       0 |     149 | 100.0 |       0 |      16 | 100.0
            +---------+---------+-------+---------+---------+-------
